 Dungeon Crawl Stone Soup version 0.32-a0-999-gfa1cc04b1d (webtiles) character file.

Game seed: 15313527963450636755

72 ezpacito the Chopper (level 4, 0/35 HPs)
             Began as a Coglin Chaos Knight on Apr 24, 2024.
             Was a Plaything of Xom.
             Slain by a ribbon worm (2 damage)
             ... on level 2 of the Dungeon.
             The game lasted 00:01:34 (1192 turns).

ezpacito the Chopper (Coglin Chaos Knight)          Turns: 1192, Time: 00:01:35

Health: 0/35       AC:  8    Str: 13 (14) XL:     4   Next: 25%
Magic:  4/4        EV:  3    Int: 11 (12) God:    Xom [....*.]
Gold:   60         SH:  0    Dex: 10 (13) Spells: 3/3 levels left

rFire   . . .        a - +0 hand axe (chaos) {Ælfthryth}
rCold   . . .        m - +1 dagger (venom) {Myungok}
rNeg    . . .        o - +0 chain mail
rPois   .            (helmet restricted)
rElec   .            (no cloak)
rCorr   .            (no gloves)
SInv    .            (no boots)
Will    .....        (amulet unavailable) Stlth
                     (ring unavailable)
HPRegen 0.25/turn    (ring unavailable)
MPRegen 0.09/turn    (no gizmo)

%: no passive effects
@: mighty, held, revving
A: off-hand wielding, slow wielding, warmup strikes, no jewellery, horns 1, wild
magic 1, MP-powered wands
a: Invent Gizmo, Renounce Religion


You were on level 2 of the Dungeon.
You worshipped Xom.
You were a beloved toy of Xom.
You visited 1 branch of the dungeon, and saw 2 of its levels.

You collected 60 gold pieces.

Inventory:

Hand Weapons
 a - a +0 hand axe of chaos (weapon) {Ælfthryth}
 m - a +1 dagger of venom (offhand) {Myungok}
 n - a +0 sling
Missiles
 l - 4 poisoned darts (quivered)
 r - 3 boomerangs
Armour
 o - a +0 chain mail (worn)
Scrolls
 e - a scroll of summoning {unknown}
 f - a scroll of vulnerability {unknown}
 g - a scroll of silence {unknown}
 h - a scroll of noise {unknown}
 j - 2 scrolls of torment {unknown}
 p - a scroll of teleportation {unknown}
Potions
 d - a potion of magic {unknown}
 k - a potion of haste {unknown}


   Skills:
 * Level 3.2 Fighting
 * Level 3.3(3.5) Axes
 * Level 1.1(2.2) Polearms
 + Level 0.0 Ranged Weapons
 + Level 0.1 Throwing
 * Level 2.1 Armour
 * Level 2.0 Dodging
 + Level 0.4 Stealth
 + Level 0.0 Unarmed Combat
 + Level 0.4 Spellcasting


You had 3 spell levels left.
You didn't know any spells.
Your spell library was empty.

Dungeon Overview and Level Annotations

Branches:
Dungeon (2/15)

Altars:
Xom


Innate Abilities, Weirdness & Mutations

You can wield a second weapon in your off-hand.
It takes a long time for you to wield or remove held weapons.
Your first few attacks do less damage.
You cannot equip rings or amulets.
You have a pair of small horns on your head.
Your spells are a little harder to cast, but a little more powerful.
You expend magic power (3 MP) to strengthen your wands.


Message History

You take 4 damage, and have 21/35 hp.
You are too injured to fight recklessly!
You are too injured to fight recklessly!
You aren't carrying any items that you can evoke.
Unknown command.
As you read the scroll of butterflies, it crumbles to dust.
You hear the flapping of tiny wings.
The gnoll is knocked back by the sudden gust.
The ribbon worm is knocked back by the sudden gust.
The gnoll closely misses your butterfly.
The gnoll hits you from afar with a +0 spear.
You take 5 damage, and have 16/35 hp.
You struggle to detach yourself from the web.
The gnoll completely misses your butterfly.
The ribbon worm bites you!
* * * LOW HITPOINT WARNING * * *
The gnoll hits you from afar with a +0 spear.
* * * LOW HITPOINT WARNING * * *
You take 11 damage, and have 5/35 hp.
MASSIVE DAMAGE!!
You struggle to detach yourself from the web.
The gnoll misses your butterfly. The gnoll hits you but does no damage.
It was a potion of might.
You feel very mighty all of a sudden.
Xom thinks this is hilarious!
The ribbon worm expels a string of sticky webbing.
The stream of webbing hits you but does no damage.
You are even more entangled.
The gnoll hits you from afar with a +0 spear.
* * * LOW HITPOINT WARNING * * *
You take 4 damage, and have 2/35 hp.
It was a potion of degeneration.
There was something very wrong with that liquid.
You feel weakened.
You feel dopey.
You feel clumsy.
Xom roars with laughter!
The gnoll hits your butterfly with a +1 whip of electrocution!
Your butterfly dies!
Your butterfly disappears in a burst of colours!
The ribbon worm bites you.
You die... "Huh?
Did I miss anything?"

#.......#######........#
#######.##...†.?.......#
#....†)...####.....#.#
### #.......>.#
##...##.#
....#.........##
######.#
###.#..........# #.#
...>....bb..# #.#
###....bbb.bg#### #.#
#####......bb.g.@b# #.#
#...#.....bbbb.##w# #.#
....#......bb..# b#
#.### #...#####.####.#
b# #...# ##.## #.# #.#
.# ###.# #.# #.# #.# .#
#.# ##.######.## #.##.#
#.# ...........# #.##.#
#.# .#.#####...###.##.#
#.#


You could see a ribbon worm (catching breath, ally target) and 2 gnolls.

Vanquished Creatures
  3 adders (D:2)
  4 ball pythons (D:1)
  2 bats (D:1)
  4 endoplasms
  5 giant cockroaches
  4 goblins
  4 hobgoblins
  2 quokkas
  2 frilled lizards
  5 kobolds
  4 rats
39 creatures vanquished.

Notes
Turn   | Place    | Note
-------+----------+-------------------------------------------
     0 | D:1      | ezpacito the Coglin Chaos Knight began the quest for the
                  | Orb.
     0 | D:1      | Reached XP level 1. HP: 18/18 MP: 1/1
    19 | D:1      | Reached skill level 1 in Dodging
    29 | D:1      | Reached XP level 2. HP: 23/24 MP: 2/2
   317 | D:1      | Reached XP level 3. HP: 29/29 MP: 3/3
   739 | D:2      | Found a shimmering altar of Xom.
   745 | D:2      | XOM: cast spell 'Fugue of the Fallen'
   833 | D:2      | XOM: 2-stop teleportation journey
   945 | D:2      | Reached skill level 1 in Polearms
   945 | D:2      | XOM: 1-stop teleportation journey
  1008 | D:2      | XOM: give mutations
  1008 | D:2      | Gained mutation: You have a pair of small horns on your
                  | head. [Xom's grace]
  1008 | D:2      | Gained mutation: Your spells are a little harder to cast,
                  | but a little more powerful. [Xom's grace]
  1008 | D:2      | Gained mutation: You expend magic power (3 MP) to
                  | strengthen your wands. [Xom's grace]
  1049 | D:2      | XOM is BORED!
  1049 | D:2      | XOM: noise
  1074 | D:2      | Reached XP level 4. HP: 35/35 MP: 4/4
  1177 | D:2      | XOM: summons 3 hostile shadow creatures
  1192 | D:2      | Slain by a ribbon worm

Illustrated notes

Levels and vault maps discovered:
D:1:      dpeg_arrival_tiny_g, layout_rooms
D:2:      layout_loops_ring, basic_altar, minmay_vboxes

Skill      XL: |  1  2  3  4 |
---------------+-------------+-----
Dodging        | 1 2 |  2.0
Armour         | 2 |  2.1
Polearms       | 1 |  1.1
Fighting       | |  3.2
Axes           | |  3.3
Throwing       | |  0.1
Stealth        | |  0.4
Spellcasting   | |  0.4

Action                     |  1- 3 |  4- 6 || total
---------------------------+-------+-------++-------
  Melee: Hand axe          |    54 |    18 ||    72
         Dagger            |    44 |    14 ||    58
         Headbutt          |       |     1 ||     1
    Use: Potion            |       |     2 ||     2
         Scroll            |       |     1 ||     1
 Armour: Leather armour    |    16 |       ||    16
         Chain mail        |    12 |    30 ||    42
  Dodge: Dodged            |    19 |     3 ||    22

Table legend: (Time is in decaauts)
 A = Elapsed time spent in this place.
 B = Non-inter-level travel time spent in this place.
 C = Inter-level travel time spent in this place.
 D = Time resting spent in this place.
 E = Time spent auto-exploring this place.
 F = Levels seen in this place.
 G = Mean time per level.
                   A        B        C        D        E       F      G
               +--------+--------+--------+--------+--------+-----+--------+
         Total |   1196 |   1005 |    191 |      0 |    782 |   2 |  598.0 |
       Dungeon |   1196 |   1005 |    191 |      0 |    782 |   2 |  598.0 |
               +--------+--------+--------+--------+--------+-----+--------+

Top non-repeatable levels by time:
     D:1: 719 daAuts
     D:2: 477 daAuts
